 Dungeon Crawl Stone Soup version 0.18.1-50-g88ac8fd (webtiles) character file.

600 Kirkhe the Covered (level 7, -6/53 HPs)
             Began as a Demonspawn Fighter on Oct 12, 2016.
             Was an Initiate of Okawaru.
             Mangled by an ogre
             ... wielding a +0 giant club
              (19 damage)
             ... on level 5 of the Dungeon.
             The game lasted 00:08:14 (3876 turns).

Kirkhe the Covered (Demonspawn Fighter)             Turns: 3876, Time: 00:08:15

Health: -6/53      AC: 11    Str: 18      XL:     7   Next: 18%
Magic:  7/7        EV:  7    Int: 10      God:    Okawaru [......]
Gold:   314        SH:  0    Dex:  6 (12) Spells: 0 memorised, 6 levels left

rFire  . . .     SeeInvis .     a - +0 war axe
rCold  . . .     Gourm    .     v - +0 chain mail
rNeg   . . .     Faith    .     (no shield)
rPois  .         Spirit   .     (no helmet)
rElec  .         Dismiss  .     (no cloak)
rCorr  .         Reflect  .     (no gloves)
SustAt .         Harm     .     (no boots)
MR     .....                    n - amulet of regeneration
Stlth  ..........               (no ring)
                                g - ring of flight

@: not resistant to hostile enchantments, extremely unstealthy
A: hooves 2, rugged brown scales 1, nightstalker 1
a: Renounce Religion, Evoke Flight


You were on level 5 of the Dungeon.
You worshipped Okawaru.
Okawaru was noncommittal.
You were not hungry.

You visited 2 branches of the dungeon, and saw 8 of its levels.

You collected 314 gold pieces.

Inventory:

Hand Weapons
 a - a +0 war axe (weapon)
Missiles
 o - 11 tomahawks (quivered)
 p - 4 curare-tipped needles
 q - 44 poisoned needles
Armour
 b - a +1 scale mail
 c - a +0 shield
 v - a +0 chain mail (worn)
Jewellery
 g - a ring of flight (left hand)
 k - an uncursed amulet of guardian spirit
 n - an amulet of regeneration (around neck)
Wands
 r - a wand of polymorph (17/24)
Scrolls
 e - 2 scrolls of teleportation
 h - 3 scrolls of enchant armour
 u - a scroll of remove curse
Potions
 d - a potion of haste
 i - 4 potions of curing
 l - a potion of heal wounds
 s - a potion of brilliance
 t - a potion of magic
 w - a potion of degeneration {unknown}
 x - a potion of cure mutation {unknown}
 z - a potion of resistance {unknown}
 A - a potion of flight {unknown}
Books
 y - a book of the Earth

   Spells                             Type                      Level
   a - Leda's Liquefaction            Hexes/Earth                  4
   b - Bolt of Magma                  Conjuration/Fire/Earth       5
   c - Statue Form                    Transmutation/Earth          6
   d - Iron Shot                      Conjuration/Earth            6
   e - Shatter                        Earth                        9
Comestibles
 f - 7 bread rations
 j - 5 meat rations
 m - a beef jerky


   Skills:
 - Level 3.0 Fighting
 + Level 4.5 Axes
 + Level 6.2 Armour
 - Level 2.6 Shields


You had 6 spell levels left.
You didn't know any spells.

Dungeon Overview and Level Annotations

Branches:
Dungeon (7/15)             Temple (1/1) D:5

Altars:
Cheibriados
Dithmenos
Elyvilon
Makhleb
Nemelex Xobeh
Okawaru
Sif Muna
Trog
Vehumet
Yredelemnul
The Shining One


Innate Abilities, Weirdness & Mutations

You have hoof-like feet.
You are partially covered in rugged brown scales (AC +1, +3% HP).
You are slightly more attuned to the shadows.


Message History

You see here a scale mail.
j - 5 meat rations (gained 1)
Found a stone staircase leading up.
A - a yellow potion You now have 314 gold pieces (gained 5).
An ogre comes into view. It is wielding a giant club.
The ogre shouts!
An ogre is nearby!
You slash the ogre!
The ogre is moderately wounded.
The ogre hits you with a giant club!
You hit the ogre.
The ogre is moderately wounded.
The ogre hits you with a giant club!
You barely miss the ogre.
The ogre is moderately wounded.
The ogre hits you with a giant club!!
* * * LOW HITPOINT WARNING * * *
The ogre hits you with a giant club!!
You die...

..............#
#############.# #.#
#.# #.# #.# #.#
###################.#
................@O..#
#####################


You could see an ogre.

Vanquished Creatures
  A scorpion (D:4)
  2 crimson imps
  A quasit (D:5)
  2 hounds
  An orc priest (D:3)
  3 iguanas (D:4)
  An orc wizard (D:4)
  A worker ant (D:4)
  A hound skeleton (D:4)
  A howler monkey zombie (D:5)
  A worker ant zombie (D:6)
  A gnoll (D:3)
  8 adders
  A shadow imp (D:5)
  3 worms
  4 dart slugs
  5 giant geckos
  19 orcs
  6 giant cockroaches
  6 goblins
  4 hobgoblins
  2 quokkas
  A ball python (D:1)
  3 bats
  4 giant newts
  6 kobolds
  6 rats
94 creatures vanquished.

Notes
Turn   | Place    | Note
--------------------------------------------------------------
     0 | D:1      | Kirkhe the Demonspawn Fighter began the quest for the Orb.
     0 | D:1      | Reached XP level 1. HP: 18/18 MP: 1/1
   109 | D:1      | Reached skill level 3 in Armour
   133 | D:1      | Gained mutation: You have large cloven feet. [demonic ancestry]
   133 | D:1      | Reached XP level 2. HP: 17/24 MP: 2/2
   764 | D:1      | Gained mutation: You are partially covered in rugged brown scales (AC +1, +3% HP). [demonic ancestry]
   764 | D:1      | Reached XP level 3. HP: 24/29 MP: 3/3
   890 | D:2      | Found a glowing golden altar of the Shining One.
   891 | D:2      | Found a deep blue altar of Sif Muna.
   892 | D:2      | Found a snail-covered altar of Cheibriados.
   892 | D:2      | Found a basalt altar of Yredelemnul.
   893 | D:2      | Found a shadowy altar of Dithmenos.
  1085 | D:2      | Found a bloodstained altar of Trog.
  1484 | D:2      | Found a burning altar of Makhleb.
  1488 | D:2      | Reached skill level 4 in Armour
  1488 | D:2      | Reached XP level 4. HP: 33/36 MP: 4/4
  2073 | D:3      | Gained mutation: You have hoof-like feet. [demonic ancestry]
  2073 | D:3      | Reached XP level 5. HP: 28/42 MP: 5/5
  2482 | D:3      | Found an iron altar of Okawaru.
  2639 | D:4      | Reached skill level 5 in Armour
  2716 | D:4      | Gained mutation: You are slightly more attuned to the shadows. [demonic ancestry]
  2716 | D:4      | Reached XP level 6. HP: 36/48 MP: 6/6
  3137 | D:5      | Entered Level 5 of the Dungeon
  3158 | D:5      | Reached skill level 6 in Armour
  3207 | D:5      | Noticed a sky beast
  3213 | D:5      | You fall through a shaft for 2 floors!
  3275 | D:7      | Noticed an orc warrior
  3413 | D:6      | Found a radiant altar of Vehumet.
  3447 | D:5      | Reached XP level 7. HP: 53/53 MP: 7/7
  3524 | D:5      | Found a sparkling altar of Nemelex Xobeh.
  3663 | D:5      | Found a staircase to the Ecumenical Temple.
  3673 | Temple   | Entered the Ecumenical Temple
  3709 | Temple   | Became a worshipper of Warmaster Okawaru
  3876 | D:5      | Mangled by an ogre

Skill      XL: |  1  2  3  4  5  6 |
---------------+-------------------+-----
Armour         | 3 4 5 6 |  6.2
Axes           | 2 3 4 |  4.5
Fighting       | |  3.0
Shields        | |  2.6

Action                   |  1- 3 |  4- 6 |  7- 9 || total
-------------------------+-------+-------+-------++-------
Melee: War axe           |    99 |   263 |    58 ||   420
       Kick              |    13 |    53 |     9 ||    75
  Use: Scroll            |       |    11 |     3 ||    14
       Potion            |       |     2 |       ||     2
  Eat: Chunk             |     1 |     8 |     1 ||    10
Armor: Scale mail        |    51 |   101 |       ||   152
       Chain mail        |       |    62 |   124 ||   186
Dodge: Dodged            |    46 |   132 |    66 ||   244
Block: Shield            |     1 |       |       ||     1
